 Dungeon Crawl Stone Soup version bcrawl-1.39.1 (webtiles) character file.

Game seed: 12204404398595886

111798 Finalfun the Ducker (level 4, -2/37 HPs)
             Began as a Minotaur Archaeologist on Sept 26, 2023.
             Was a Follower of Wu Jian.
             Slain by an ice beast (5 damage)
             ... on level 3 of the Dungeon.
             The game lasted 00:06:43 (3049 turns).

Finalfun the Ducker (Minotaur Archaeologist)        Turns: 3049, Time: 00:06:43

Health: -2/37      AC: 12    Str: 16    XL:     4   Next: 85%
Magic:  3/3        EV:  7    Int: 11    God:    Wu Jian [*.....]
Gold:   118        SH:  0    Dex:  9    Spells: 3/3 levels left

rFire    . . .     GDR:     21% a - +0 whip
rCold    . . .     SeeInvis .   (no shield)
rNeg     . . .     Gourm    .   y - +0 chain mail
rPois    .         Faith    .   d - +1 hat
rElec    .         Spirit   .   o - +0 cloak
rCorr    .         Reflect  .   (no gloves)
MR       .....                  l - +1 pair of boots
Stlth    ..........             (no amulet)
HPRegen  0.16/turn              (no ring)
MPRegen  0.08/turn              (no ring)

@: heavily drained
A: retaliatory headbutt, horns 2
a: Wall Jump, Renounce Religion


You were on level 3 of the Dungeon.
You worshipped Wu Jian.
Wu Jian was aware of your devotion.
You were hungry.

You visited 1 branch of the dungeon, and saw 3 of its levels.
You also visited: Sewer.

You collected 118 gold pieces.

Inventory:

Hand Weapons
 a - a +0 whip (weapon)
 b - a +0 blowgun
Missiles
 f - 6 curare-tipped needles
 j - 933 stones
 q - 22 poisoned needles
 A - 87 poisoned tomahawks (quivered)
Armour
 d - a +1 hat (worn)
 l - a +1 pair of boots (worn)
 o - a +0 cloak (worn)
 y - a +0 chain mail (worn)
Scrolls
 g - a scroll of revelation
 i - 4 scrolls of fear {unknown}
 k - 4 scrolls of teleportation
 r - a scroll of enchant armour {unknown}
 s - a scroll of enchant weapon
 v - a scroll of immolation
Potions
 c - a potion of brilliance {unknown}
 m - a potion of heal wounds {unknown}
 n - a potion of resistance {unknown}
 p - 5 potions of curing {unknown}
 t - 2 potions of magic {unknown}
 u - a potion of degeneration {unknown}
 w - a potion of might {unknown}
 z - a potion of haste {unknown}
Miscellaneous
 h - a dusty tome
Comestibles
 e - 4 rations {!d}
 x - 4 chunks of flesh


   Skills:
 + Level 2.7(1.2) Fighting
 + Level 3.0(1.5) Maces & Flails
 + Level 2.2(0.7) Armour
 + Level 4.1(2.5) Dodging
 - Level 3.0(1.4) Stealth


You had 3 spell levels left.
You didn't know any spells.
Your spell library was empty.

Dungeon Overview and Level Annotations

Branches:
Dungeon (3/12)

Altars:
Vehumet
Wu Jian


Innate Abilities, Weirdness & Mutations

You reflexively headbutt those who attack you in melee.
You have a pair of horns on your head.


Message History

The ice beast hits you but does no damage.
Your chain mail prevents you from hitting the ice beast.
The ice beast is heavily wounded.
The ice beast hits you but does no damage. x2
Your chain mail prevents you from hitting the ice beast.
The ice beast is heavily wounded.
The ice beast hits you. The ice beast freezes you!
* * * LOW HITPOINT WARNING * * *
You hit the ice beast but do no damage.
The ice beast is heavily wounded.
The ice beast hits you but does no damage.
You hit the ice beast but do no damage.
The ice beast is heavily wounded.
The ice beast hits you but does no damage.
You hit the ice beast but do no damage. You headbutt the ice beast.
The ice beast is heavily wounded.
The ice beast hits you.
* * * LOW HITPOINT WARNING * * *
The ice beast freezes you.
You die...

*** *,*********
*,,,,,,,,,, ####
#############.*********
##### #.....@Y......,,*
*,*** #####
#.###########.*,* *,,,,
##### #.# *,*,* *,***
##### #)# *,*,* *,*
###########)# *,*,* *,*
######...##)# *,*,* *,*
######...##.# *,*,* *,*
######...##.# *,*,***,*
............# *,*,,,,,*


You could see an ice beast.

Vanquished Creatures
  An orc wizard (D:3)
  3 adders
  3 worms
  2 leopard geckos (D:1)
  8 orcs (D:3)
  A goblin (D:1)
  3 hobgoblins
  8 jackals
  2 quokkas
  7 ball pythons
  4 bats (D:1)
  4 frilled lizards
  9 kobolds
  A rat (D:1)
56 creatures vanquished.

Notes
Turn   | Place    | Note
-------+----------+-------------------------------------------
     0 | D:1      | Finalfun the Minotaur Archaeologist began the quest for the
                  | Orb.
     0 | D:1      | Reached XP level 1. HP: 16/16 MP: 0/0
   372 | D:1      | Reached XP level 2. HP: 14/23 MP: 1/1
  1080 | D:2      | Reached skill level 1 in Armour
  1095 | D:2      | Found a radiant altar of Vehumet.
  1292 | D:2      | Found a faded altar of an unknown god.
  1322 | D:2      | Prayed at the altar of an unknown god.
  1322 | D:2      | Became a worshipper of the Wu Jian Council
  1322 | D:2      | Reached * piety under Wu Jian
  1620 | D:2      | Reached XP level 3. HP: 28/29 MP: 2/2
  2045 | D:3      | Reached XP level 4. HP: 30/37 MP: 3/3
  2071 | D:3      | Found a glowing drain.
  2081 | Sewer    | Entered a sewer
  2125 | Sewer    | Reached skill level 4 in Dodging
  2300 | Sewer    | Reached ** piety under Wu Jian
  3024 | D:3      | Noticed an ice beast
  3049 | D:3      | Slain by an ice beast

Skill      XL: |  1  2  3  4 |
---------------+-------------+-----
Maces & Flails | 2 3 |  3.0
Stealth        | 3 |  3.0
Armour         | 1 2 |  2.2
Fighting       | 2 |  2.7
Dodging        | 4 |  4.1

Action                   |  1- 3 |  4- 6 || total
-------------------------+-------+-------++-------
Melee: Whip              |    82 |   121 ||   203
       Headbutt          |    12 |    14 ||    26
Throw: Tomahawk          |       |     4 ||     4
 Abil: Lunge             |     2 |     7 ||     9
       Whirlwind         |     1 |     1 ||     2
  Use: Scroll            |     4 |       ||     4
 Stab: Sleeping          |     7 |     1 ||     8
  Eat: Chunk             |     5 |     7 ||    12
Armor: Robe              |    18 |       ||    18
       Ring mail         |    12 |    33 ||    45
       Chain mail        |       |    27 ||    27
Dodge: Dodged            |    53 |    51 ||   104
